 Dungeon Crawl Stone Soup version 0.25.1-9-gc5326a611f (webtiles) character file.

Game seed: 1334792929853594032

128612 Johnny the Fencer (level 16, -3/176 HPs)
             Began as a Troll Berserker on Mar 19, 2021.
             Was the Champion of Trog.
             Killed from afar by a nagaraja (14 damage)
             ... with a poison arrow
             ... on level 2 of the Snake Pit.
             The game lasted 00:41:09 (25523 turns).

Johnny the Fencer (Troll Berserker)                Turns: 25523, Time: 00:41:11

Health: -3/176     AC: 12    Str: 34    XL:     16   Next: 48%
Magic:  15/15      EV: 10    Int:  3    God:    Trog [******]
Gold:   214        SH:  0    Dex:  9    Spells: 15/15 levels left

rFire    . . .     SeeInvis .   y - +4 scimitar (drain)
rCold    . . .     Gourm    +   (no shield)
rNeg     . . .     Faith    +   z - +2 troll leather armour
rPois    +         Spirit   .   I - +1 hat
rElec    .         Reflect  .   m - +0 cloak
rCorr    .         Harm     .   (gloves unavailable)
MR       ++...                  (boots unavailable)
Stlth    +.........             f - amulet of faith
HPRegen  1.19/turn              A - ring "Cokiuthru" {rPois Slay+4}
MPRegen  0.14/turn              J - ring of protection from magic

@: lethally poisoned (-3 -> -4), about to teleport, studying Fighting
A: large, unfitting armour, claws 3, fast metabolism 3, gourmand, regeneration
1, shaggy fur 1, tough skin 3
a: Berserk, Trog's Hand, Brothers in Arms, Renounce Religion


You were on level 2 of the Snake Pit.
You worshipped Trog.
Trog was exalted by your worship.
You were not hungry.

You visited 4 branches of the dungeon, and saw 25 of its levels.
You also visited: Gauntlet and Volcano.

You collected 2266 gold pieces.
You spent 2052 gold pieces at shops.

Inventory:

Hand Weapons
 b - a +2 great sword of venom
 y - a +4 scimitar of draining (weapon)
 C - a +2 vorpal triple sword
 H - a +2 great sword of flaming
 K - a +0 antimagic triple sword
Armour
 j - the +2 shield of Resistance {rF+ rC+ MR+}
   (You found it on level 4 of the Lair of Beasts)

   It protects you from fire.
   It protects you from cold.
   It affects your resistance to hostile enchantments.
 m - a +0 cloak (worn)
 z - a +2 troll leather armour (worn)
 I - a +1 hat (worn)
 U - a scarf of harm
Jewellery
 f - an amulet of faith (around neck)
 h - an uncursed ring of positive energy {unknown}
 u - an uncursed amulet of guardian spirit
 w - an uncursed ring of resist corrosion
 A - the ring "Cokiuthru" (left claw) {rPois Slay+4}
   (You bought it in a shop on level 1 of the Orcish Mines)

   [ring of slaying]

   It affects your accuracy and damage with ranged weapons and melee attacks
   (+4).
   It protects you from poison.
 J - a ring of protection from magic (right claw)
 M - an uncursed ring of see invisible
 P - the ring "Cuomm" {rElec rF- rN+ SInv}
   (You took it off a minotaur in a Gauntlet)

   [ring of see invisible]

   It makes you vulnerable to fire.
   It insulates you from electricity.
   It protects you from negative energy.
   It lets you see invisible.
Wands
 Q - a wand of iceblast (5)
 R - a wand of digging (3)
 V - a wand of acid (3)
Scrolls
 c - 4 scrolls of teleportation
 g - 2 scrolls of holy word
 k - 5 scrolls of fog
 o - 10 scrolls of remove curse
 q - 5 scrolls of immolation
 t - a scroll of summoning
 x - a scroll of blinking
 B - a scroll of fear
 D - a scroll of vulnerability
 G - 3 scrolls of magic mapping
 W - 2 scrolls of silence
 Z - a scroll of noise
Potions
 a - 2 potions of flight
 e - 7 potions of curing
 i - 3 potions of brilliance
 l - a potion of cancellation
 n - 4 potions of haste
 r - 2 potions of ambrosia
 s - a potion of degeneration
 v - 5 potions of magic
 E - 2 potions of might
 L - 2 potions of lignification
 N - a potion of resistance {unknown}
 O - 2 potions of stabbing
 T - a potion of berserk rage {unknown}
 X - 2 potions of mutation
Books
 F - a manual of Fighting
Miscellaneous
 S - a lightning rod (4/4)
 Y - a tin of tremorstones (3/3)
Comestibles
 d - 36 rations


   Skills:
 + Level 15.2 Fighting
 * Level 19.0 Long Blades
 - Level 2.4 Dodging


You had 15 spell levels left.
You didn't know any spells.
Your spell library contained the following spells:

 Spells                   Type           Power        Failure   Level  Hunger
 Animate Skeleton         Necr           N/A          56%         1    ##.....
 Apportation              Tloc           #.....       56%         1    ##.....
 Beastly Appendage        Tmut           #.....       56%         1    ##.....
 Corona                   Hex            #......      56%         1    ##.....
 Pain                     Necr           #...         56%         1    ##.....
 Summon Small Mammal      Summ           #...         56%         1    ##.....
 Call Imp                 Summ           #.......     71%         2    ###....
 Corpse Rot               Necr/Air       N/A          71%         2    ###....
 Passwall                 Tmut/Erth      #.......     71%         2    ###....
 Sticks to Snakes         Tmut           #.......     71%         2    ###....
 Sublimation of Blood     Necr           #.........   71%         2    ###....
 Swiftness                Chrm/Air       #.......     71%         2    ###....
 Call Canine Familiar     Summ           #.......     90%         3    ####...
 Confusing Touch          Hex            #.......     90%         3    ####...
 Gell's Gravitas          Tloc           #.........   90%         3    ####...
 Ignite Poison            Fire/Tmut/Pois #.......     90%         3    ####...
 Spider Form              Tmut/Pois      #.........   90%         3    ####...
 Summon Guardian Golem    Hex/Summ       #.......     90%         3    ####...
 Vampiric Draining        Necr           #.........   90%         3    ####...
 Animate Dead             Necr           N/A          100%        4    #####..
 Dispel Undead            Necr           #.......     100%        4    #####..
 Ice Form                 Ice/Tmut       #.......     100%        4    #####..
 Passage of Golubria      Tloc           N/A          100%        4    #####..
 Petrify                  Tmut/Erth      #.......     100%        4    #####..
 Summon Ice Beast         Ice/Summ       #.......     100%        4    #####..
 Summon Lightning Spire   Summ/Air       #.......     100%        4    #####..
 Agony                    Necr           #.......     100%        5    ######.
 Alistair's Intoxication  Tmut/Pois      #.......     100%        5    ######.
 Blade Hands              Tmut           #.........   100%        5    ######.
 Excruciating Wounds      Chrm/Necr      #.........   100%        5    ######.
 Irradiate                Conj/Tmut      #.........   100%        5    ######.
 Lee's Rapid Deconstruct  Erth           #.........   100%        5    ######.
 Metabolic Englaciation   Hex/Ice        #.........   100%        5    ######.
 Yara's Violent Unravell  Hex/Tmut       #.........   100%        5    ######.
 Darkness                 Hex            #.........   100%        6    #######
 Eringya's Noxious Bog    Tmut/Pois      #.........   100%        6    #######
 Invisibility             Hex            #.......     100%        6    #######


Dungeon Overview and Level Annotations

Branches:
Dungeon (15/15)            Temple (0/1) D:6            Lair (6/6) D:9
 Shoals (0/4) Lair:3        Snake (2/4) Lair:2        Slime (0/5) Lair:5
    Orc (2/2) D:12            Elf (0/3) Orc:2        Vaults (0/5) D:13
 Depths (0/5) D:15        Volcano (visited)         Gauntlet (visited)

Altars:
Cheibriados
Kikubaaqudgha
Makhleb
Nemelex Xobeh
Okawaru
Jiyva

Shops:
D:14 (   Orc:1 !(=[   Orc:2 (:[*

Annotations:
Lair:4 3 runed translucent doors, exclusion: oklob plant, Thomus's ghost, journeyman DECj


Innate Abilities, Weirdness & Mutations

You are too large for most types of armour.
You have claws for hands.
Your metabolism is lightning-fast.
You like to eat raw meat.
Your natural rate of healing is unusually fast.
You are covered in fur. (AC +1)
You have extremely tough skin. (AC +3)


Message History

Unknown command.
Unknown command.
You feel better.
Your surroundings suddenly seem different.
The nagaraja points at you and mumbles some strange words.
You feel strangely unstable.
The nagaraja hits you from afar with a +0 halberd!
* * * LOW HITPOINT WARNING * * *
Unknown command.
Unknown command.
Unknown command.
Okay, then.
As you read the scroll of fear, it crumbles to dust.
You assume a fearsome visage.
The nagaraja resists with almost no effort.
The nagaraja casts a spell at you. The poison arrow hits you!
You are poisoned.
You partially resist.
You die...

.......## ........# ....#
........# #....
#.......#N#######.... #.
#................... ..
#.#..<# ###........
#....###...#........##
#..N(###...#.....#N..#
#..........>....@....#
#..(.................#
#.................####
.8..(8........#.....#
..............###...#
...<...8.....>###(<.##...
...N.......$((()(......#
N8.N.8...######...######
#......### #...#


You could see a nagaraja (fast).

Vanquished Creatures
  Rupert (Lair:3)
  A nagaraja (Snake:1)
  A fire giant (D:15)
  A minotaur (Gauntlet)
  A yaktaur captain (D:13)
  2 naga warriors (Snake:1)
  7 hydras
  A catoblepas (Lair:6)
  7 centaur warriors
  4 anacondas (Snake:1)
  A deep troll shaman (Lair:6)
  A death knight (D:13)
  6 two-headed ogres
  2 ogre magi (D:15)
  4 death yaks (Lair:6)
  2 tengu warriors
  3 naga sharpshooters
  3 orc high priests (Orc:2)
  A shock serpent (Snake:1)
  2 sixfirhies (Gauntlet)
  An unseen horror (D:13)
  4 orc knights
  A naga ritualist (Snake:1)
  4 orc sorcerers
  3 mana vipers
  A lindwurm (Lair:4)
  3 deep elf magi
  3 ugly things
  3 slime creatures (D:13)
  2 salamanders (Snake:1)
  A merfolk siren (Lair:3)
  4 cyclopes
  9 elephants
  An ice statue (Gauntlet)
  11 black mambas
  A torpor snail (Lair:2)
  3 guardian serpents (Snake:1)
  3 naga magi
  Maggie (D:7)
  8 spiny frogs
  4 gargoyles
  2 kobold demonologists
  4 komodo dragons
  2 rime drakes
  2 yaktaurs (D:13)
  3 tengu conjurers
  4 efreet
  2 merfolk (Lair:3)
  3 trolls
  Grinder (D:5)
  5 hornets
  2 polar bears
  15 blink frogs
  5 dream sheep (Lair:4)
  5 hippogriffs
  Sigmund (D:2)
  3 wyverns
  A wraith (D:15)
  5 fire elementals (Volcano)
  27 yaks
  3 hogs (D:11)
  A human (D:11)
  A vampire (D:15)
  2 basilisks
  2 hungry ghosts
  9 wargs
  8 vampire mosquitoes
  16 nagas
  7 porcupines
  22 water moccasins
  3 ice beasts
  28 orc warriors
  5 sky beasts
  A hornet zombie (D:7)
  2 black bears
  An eye of draining (D:14)
  2 necrophages
  An eye of draining (shapeshifter) (D:15)
  9 centaurs
  2 phantoms
  24 wolves
  21 ogres
  4 big kobolds
  10 crocodiles
  20 bullfrogs
  2 scorpions
  19 killer bees
  9 wights
  3 howler monkeys (D:9)
  10 crimson imps
  A bullfrog zombie (D:8)
  2 jellies
  A quasit (D:5)
  5 centaur skeletons
  7 hounds
  Crazy Yiuf (D:2)
  25 orc priests
  4 bullfrog skeletons
  2 iguanas
  Terence (D:2)
  5 worker ants
  33 orc wizards
  A hound zombie (D:8)
  A hound skeleton (D:7)
  3 gnolls (D:6)
  A howler monkey skeleton (D:5)
  15 adders
  2 shadow imps
  2 adder zombies (D:7)
  An ooze (D:5)
  3 adder skeletons
  4 worms
  5 dart slugs
  6 leopard geckos
  79 orcs
  2 ball pythons
  5 bats
  5 giant cockroaches
  7 goblins
  8 hobgoblins
  9 jackals
  8 quokkas
  5 frilled lizards
  24 kobolds
  8 rats
752 creatures vanquished.

Vanquished Creatures (collateral kills)
  An orc warlord (Orc:2)
  A hydra (Lair:6)
  A naga warrior (Snake:1)
  An orc high priest (Orc:2)
  2 sixfirhies (Gauntlet)
  A naga ritualist (Snake:1)
  2 orc knights
  2 orc sorcerers (Orc:2)
  7 dream sheep (Lair:6)
  5 yaks
  3 nagas (Snake:1)
  2 wargs
  8 orc warriors
  4 orc priests
  2 orc wizards
  11 orcs
  A goblin (Orc:2)
54 creatures vanquished.

Vanquished Creatures (others)
  A dream sheep (Lair:4)
  A blink frog (Lair:4)
  3 fungi
  27 plants (Lair:4)
32 creatures vanquished.

Grand Total: 838 creatures vanquished

Notes
Turn   | Place    | Note
-------+----------+-------------------------------------------
     0 | D:1      | Johnny the Troll Berserker began the quest for the Orb.
     0 | D:1      | Reached XP level 1. HP: 22/22 MP: 0/0
   157 | D:1      | Reached XP level 2. HP: 29/29 MP: 1/1
   242 | D:1      | Reached skill level 3 in Long Blades
   364 | D:1      | Reached ** piety under Trog
   364 | D:1      | Reached XP level 3. HP: 36/36 MP: 2/2
   780 | D:2      | Noticed Sigmund
   830 | D:2      | Killed Sigmund
   830 | D:2      | Reached skill level 4 in Long Blades
   830 | D:2      | Reached XP level 4. HP: 29/45 MP: 3/3
   830 | D:2      | Reached XP level 5. HP: 34/53 MP: 4/4
   876 | D:2      | Found a faded altar of an unknown god.
   971 | D:2      | Found a runed translucent door.
   972 | D:2      | Noticed Crazy Yiuf
   983 | D:2      | Killed Crazy Yiuf
  1063 | D:2      | Noticed Terence
  1070 | D:2      | Killed Terence
  1300 | D:3      | Reached XP level 6. HP: 61/62 MP: 5/5
  1329 | D:3      | Found an iron altar of Okawaru.
  1584 | D:3      | Found a sparkling altar of Nemelex Xobeh.
  1802 | D:3      | Found a burning altar of Makhleb.
  1985 | D:4      | Reached skill level 5 in Long Blades
  2243 | D:5      | Entered Level 5 of the Dungeon
  2306 | D:5      | Reached XP level 7. HP: 41/71 MP: 6/6
  2383 | D:5      | Reached skill level 6 in Long Blades
  2417 | D:5      | Noticed Grinder
  2420 | D:5      | Paralysed by Grinder for 2 turns
  2426 | D:5      | Paralysed by Grinder for 3 turns
  2433 | D:5      | Killed Grinder
  2433 | D:5      | Reached *** piety under Trog
  2664 | D:5      | Reached skill level 5 in Fighting
  2664 | D:5      | Reached XP level 8. HP: 72/80 MP: 7/7
  2917 | D:5      | Reached skill level 7 in Long Blades
  3884 | D:6      | Reached skill level 8 in Long Blades
  4112 | D:6      | Found a staircase to the Ecumenical Temple.
  4316 | D:7      | Reached **** piety under Trog
  4369 | D:7      | Reached XP level 9. HP: 48/89 MP: 8/8
  4527 | D:7      | Reached skill level 9 in Long Blades
  5015 | D:7      | Noticed Maggie
  5038 | D:7      | Killed Maggie
  5540 | D:8      | Reached skill level 10 in Long Blades
  5726 | D:8      | Reached ***** piety under Trog
  5819 | D:8      | Reached XP level 10. HP: 89/102 MP: 9/9
  5949 | D:8      | Paralysed by a hornet for 3 turns
  5958 | D:8      | Paralysed by a hornet for 3 turns
  6200 | D:9      | Received a gift from Trog
  6438 | D:9      | Found a staircase to the Lair.
  6502 | D:9      | Found an ancient bone altar of Kikubaaqudgha.
  6786 | D:10     | Entered Level 10 of the Dungeon
  6806 | D:10     | Lost intelligence.
  7030 | D:10     | Reached skill level 11 in Long Blades
  7683 | D:11     | Noticed a brown ugly thing
  7692 | D:11     | Killed a brown ugly thing
  7770 | D:11     | Noticed a gargoyle
  7771 | D:11     | Noticed a gargoyle
  7776 | D:11     | Killed a gargoyle
  7776 | D:11     | Reached XP level 11. HP: 102/113 MP: 10/10
  7917 | D:11     | Reached skill level 12 in Long Blades
  8162 | D:11     | Received a gift from Trog
  8205 | D:11     | Noticed a red ugly thing
  8212 | D:11     | Killed a red ugly thing
  8591 | D:12     | Found a staircase to the Orcish Mines.
  8651 | D:12     | Noticed a two-headed ogre
  8657 | D:12     | Killed a two-headed ogre
  8882 | D:12     | Noticed a six-headed hydra
  8897 | D:12     | Killed a 17-headed hydra
  9250 | D:12     | Noticed a white ugly thing
  9265 | D:12     | Killed a white ugly thing
  9276 | D:12     | Reached skill level 13 in Long Blades
  9723 | D:13     | Noticed a yaktaur captain
  9771 | Orc:1    | Entered Level 1 of the Orcish Mines
  9771 | Orc:1    | Found Zischon Gomi's Antique Armour Shop.
  9785 | Orc:1    | Bought a glowing hat for 182 gold pieces
  9802 | Orc:1    | Found Xoziatol's Antique Weapon Emporium.
  9821 | Orc:1    | Noticed an orc knight
  9830 | Orc:1    | Killed an orc knight
  9840 | Orc:1    | Noticed an orc sorcerer
  9854 | Orc:1    | Noticed an orc knight
  9859 | Orc:1    | Noticed an orc sorcerer
  9954 | Orc:1    | Reached XP level 12. HP: 67/126 MP: 11/11
  9961 | Orc:1    | Reached skill level 10 in Fighting
 10286 | Orc:2    | Entered Level 2 of the Orcish Mines
 10337 | Orc:2    | Found a staircase to the Elven Halls.
 10435 | Orc:1    | Reached ****** piety under Trog
 10570 | Orc:1    | Found Jajoer's Distillery.
 10603 | Orc:1    | Bought a potion of heal wounds for 70 gold pieces
 10603 | Orc:1    | Bought a potion of haste for 140 gold pieces
 10603 | Orc:1    | Bought a potion of heal wounds for 70 gold pieces
 10603 | Orc:1    | Bought a potion of cancellation for 112 gold pieces
 10603 | Orc:1    | Bought a potion of heal wounds for 70 gold pieces
 10603 | Orc:1    | Bought a potion of heal wounds for 70 gold pieces
 10623 | Orc:1    | Found Dazxey's Jewellery Emporium.
 10678 | Orc:2    | Received a gift from Trog
 10966 | Orc:2    | Noticed an orc warlord
 10966 | Orc:2    | Noticed an orc high priest
 10966 | Orc:2    | Reached skill level 14 in Long Blades
 10982 | Orc:2    | Killed an orc high priest
 10983 | Orc:2    | Killed an orc warlord
 11162 | Orc:2    | Noticed an orc high priest
 11163 | Orc:2    | Noticed an orc high priest
 11348 | Orc:2    | Killed an orc high priest
 11466 | Orc:2    | Killed an orc high priest
 11514 | Orc:2    | Noticed an orc high priest
 11532 | Orc:2    | Killed an orc high priest
 11645 | Orc:2    | Found Lierchel's Antique Armour Boutique.
 11646 | Orc:2    | Found Biaw's Antique Weapon Shop.
 11647 | Orc:2    | Found Lasaiv's General Store.
 11647 | Orc:2    | Found Osoprot's Book Boutique.
 11982 | D:13     | Found an iron altar of Okawaru.
 12044 | D:13     | Reached XP level 13. HP: 127/137 MP: 12/12
 12238 | D:13     | Found a gate to the Vaults.
 12408 | D:13     | Reached skill level 15 in Long Blades
 13086 | D:14     | Received a gift from Trog
 13097 | D:14     | Found Enede's Antique Weapon Shop.
 13204 | D:14     | HP: 10/205 [yak (10)]
 13204 | D:14     | HP: 2/205 [yak (8)]
 13264 | D:14     | Found a gate leading to a gauntlet.
 13274 | Gauntlet | Entered a Gauntlet
 13274 | Gauntlet | Found a transporter.
 13274 | Gauntlet | Found a transporter.
 13355 | Gauntlet | Found a transporter.
 13375 | Gauntlet | Found a transporter.
 13383 | Gauntlet | Found a transporter.
 13386 | Gauntlet | Found a transporter.
 13396 | Gauntlet | Found a transporter.
 13415 | Gauntlet | Found a transporter.
 13429 | Gauntlet | Found a transporter.
 13432 | Gauntlet | Found a transporter.
 13441 | Gauntlet | Found a transporter.
 13443 | Gauntlet | Found a transporter.
 13732 | Gauntlet | Identified the ring "Cuomm" {rElec rF- rN+ SInv}
 13732 | Gauntlet | Noticed a minotaur
 13753 | Gauntlet | Killed a minotaur
 13898 | D:14     | Reached skill level 16 in Long Blades
 13898 | D:14     | Reached XP level 14. HP: 145/149 MP: 13/13
 14467 | D:15     | Entered Level 15 of the Dungeon
 14525 | D:15     | Received a gift from Trog
 14719 | D:15     | Found a staircase to the Depths.
 14719 | D:15     | Noticed a fire giant
 14897 | D:15     | Killed a fire giant
 15138 | D:15     | Reached XP level 15. HP: 54/158 MP: 14/14
 15584 | D:15     | Found a snail-covered altar of Cheibriados.
 15631 | D:15     | Reached skill level 17 in Long Blades
 16011 | Lair:1   | Entered Level 1 of the Lair of Beasts
 17211 | Lair:2   | Found a staircase to the Snake Pit.
 18271 | Lair:3   | Received a gift from Trog
 18436 | Lair:3   | Noticed Rupert
 18452 | Lair:3   | Killed Rupert
 18573 | Lair:3   | Found a staircase to the Shoals.
 19066 | Lair:4   | Identified a scroll of acquirement
 19067 | Lair:4   | Acquired a manual of Fighting
 19073 | Lair:4   | Noticed Thomus's ghost (journeyman DECj)
 19426 | Lair:4   | Found a runed translucent gate.
 19426 | Lair:4   | Found a runed translucent gate.
 19426 | Lair:4   | Found a runed translucent gate.
 19618 | Lair:4   | Found a dark tunnel.
 19626 | Volcano  | Entered a volcano
 20349 | Lair:4   | Paralysed by a hornet for 3 turns
 20416 | Lair:4   | Found the +2 shield of Resistance {rF+ rC+ MR+}
 21025 | Lair:5   | Found a staircase to the Slime Pits.
 21030 | Lair:5   | Found a viscous altar of Jiyva.
 21049 | Lair:5   | Received a gift from Trog
 21063 | Lair:5   | Reached skill level 18 in Long Blades
 21698 | Lair:5   | You fall into a shaft and drop 1 floor!
 21698 | Lair:6   | Entered Level 6 of the Lair of Beasts
 22316 | Lair:6   | Acquired a scarf of harm
 22596 | Lair:6   | Reached XP level 16. HP: 121/172 MP: 15/15
 22705 | Lair:6   | Received a gift from Trog
 23352 | Orc:1    | Bought the ring "Cokiuthru" {rPois Slay+4} for 1338 gold
                  | pieces
 23503 | Snake:1  | Entered Level 1 of the Snake Pit
 24209 | Snake:1  | HP: 7/174 [naga ritualist/splash of poison (6)]
 24548 | Snake:1  | Reached skill level 15 in Fighting
 25518 | Snake:2  | Reached skill level 19 in Long Blades
 25520 | Snake:2  | HP: 1/176 [black mamba (13)]
 25523 | Snake:2  | Killed from afar by a nagaraja

Illustrated notes

Levels and vault maps discovered:
D:1:      dpeg_chamrin_arrival_tetris, layout_basic
D:2:      layout_rooms, chequers_ecumenical_altar_simple,
          uniq_crazy_yiuf_cottage, uniq_sigmund, uniq_terence
D:3:      layout_basic, nicolae_overflow_hidden_temple, okawaru_gym_becter
D:4:      layout_rooms
D:5:      layout_basic, first_ration, uniq_grinder
D:6:      layout_loops_ring, minmay_temple_entry_junction
D:7:      layout_gridville, uniq_maggie
D:8:      minmay_chambers_of_sixes, layout_rooms
D:9:      layout_cave_pools, old_standard_altar, erik_lair_orcish_takeover
D:10:     layout_rooms
D:11:     layout_loops_ring, grunt_livestock
D:12:     layout_basic, erik_orc_3, serial_rivers,
          chequers_serial_rivers_micro_b, chequers_serial_rivers_micro_c,
          chequers_serial_rivers_micro_d, chequers_serial_rivers_small_b
D:13:     layout_stronghold, david_vaults_2, serial_column_ruins,
          column_ruins_temple_hall, column_ruins_hut_pillars,
          column_ruins_open_tiny, column_ruins_corridor_straight,
          column_ruins_open_medium, column_ruins_open_small,
          column_ruins_open_medium, column_ruins_grid_3
D:14:     layout_gridville, serial_shops, shop, gauntlet_entry_generic,
          serial_bayou_shore_a, hex_large
D:15:     grunt_enter_depths_giant_problem, layout_small_grid, basic_altar,
          grunt_decor_resistance
Lair:1:   layout_regular_city
Lair:2:   dragon1_lemuel, layout_chaotic_city, minmay_snake_entry_six_corridors,
          serial_bayou_shore_b
Lair:3:   layout_chaotic_city, elwin_shoals_entry_rooms,
          infiniplex_staircase_pool, uniq_rupert
Lair:4:   cheibrodos_lair_overgrown_chateau, layout_gridlike,
          maelrawn_ghost_gauntlet_escape, nicolae_volcano_entry_hallway,
          minmay_lair_oklob_bushes, lemuel_fruit_tree
Lair:5:   layout_cave_pods, slime_altar_1, grunt_megastairs_2
Lair:6:   grunt_lair_end_beastmaster, layout_loops_ring
Snake:1:  layout_cave_pods
Snake:2:  layout_misc_corridors, grunt_ministairs_2
Orc:1:    layout_diamond_mine, serial_shops, shop, shop, shop,
          nicolae_shop_waterfront
Orc:2:    st_orc_congregation, layout_diamond_mine, mines5_lemuel

Skill      XL: |  1  2  3  4  5  6  7  8  9 10 11 12 13 14 15 16 |
---------------+-------------------------------------------------+-----
Long Blades    | 3 4 5 6 8 10 11 13 14 16 18 19 | 19.0
Fighting       | 3 4 5 6 7 8 9 11 12 14 15 | 15.2
Dodging        | |  2.4

Action                   |  1- 3 |  4- 6 |  7- 9 | 10-12 | 13-15 | 16-18 || total
-------------------------+-------+-------+-------+-------+-------+-------++-------
Melee: Falchion          |   106 |   191 |   326 |       |       |       ||   623
       Scimitar          |       |       |    62 |   661 |   873 |   196 ||  1792
       Great sword       |       |       |       |       |     3 |     2 ||     5
Invok: Berserk           |     2 |     4 |    12 |    15 |    19 |     4 ||    56
       Trog's Hand       |       |       |     2 |     6 |     9 |     1 ||    18
       Brothers in Arms  |       |       |       |     6 |     3 |     2 ||    11
Evoke: Wand              |       |       |     8 |    15 |    27 |       ||    50
  Use: Potion            |     2 |       |       |     1 |     5 |     6 ||    14
       Scroll            |       |       |     5 |    17 |    19 |     6 ||    47
 Stab: Sleeping          |       |     1 |     1 |       |       |       ||     2
       Paralysed         |       |       |    14 |     1 |       |       ||    15
       Invisible         |       |       |       |       |     2 |       ||     2
       Petrifying        |       |       |       |       |       |     4 ||     4
       Petrified         |       |       |       |       |       |     2 ||     2
  Eat: Chunk             |    13 |    20 |    43 |    81 |   124 |    11 ||   292
       Ration            |       |       |       |       |     1 |     5 ||     6
Armor: Animal skin       |    40 |   111 |   119 |       |       |       ||   270
       Skin              |    19 |       |       |       |       |       ||    19
       Acid dragon scale |       |       |    11 |   293 |   377 |     3 ||   684
       Troll leather arm |       |       |       |       |       |    71 ||    71
Dodge: Dodged            |    47 |   137 |   180 |   333 |   396 |    96 ||  1189
       Rpst.: Falchion   |    12 |    34 |    43 |       |       |       ||    89
       Scimitar          |       |       |    11 |   113 |   106 |    14 ||   244
       Great sword       |       |       |       |       |     1 |       ||     1
